 Dungeon Crawl Stone Soup version 0.28-a0-622-gbaef9634d7 (webtiles) character file.

Game seed: 16631008208846582438

1740 mordus the Cleaver (level 9, -3/70 HPs)
             Began as a Hill Orc Fighter on Oct 6, 2021.
             Was a Believer of Beogh.
             Slain by a water moccasin (5 damage)
             ... on level 6 of the Dungeon on Oct 7, 2021.
             The game lasted 00:13:08 (6611 turns).

mordus the Cleaver (Hill Orc Fighter)               Turns: 6611, Time: 00:13:08

Health: -3/70      AC:  9    Str: 22    XL:     9   Next: 5%
Magic:  9/9        EV:  9    Int:  8    God:    Beogh [**....]
Gold:   371        SH:  5    Dex: 10    Spells: 8/8 levels left

rFire   . . .      SeeInvis .   v - +5 mace of Waifiy {freeze, rElec rCorr}
rCold   . . .      Faith    .   c - +0 buckler
rNeg    . . .      Spirit   .   b - +0 scale mail
rPois   .          Reflect  .   (no helmet)
rElec   +          Harm     .   (no cloak)
rCorr   +          Rampage  .   (no gloves)
Will    .....                   u - +0 pair of boots
Stlth   ..........              (no amulet)
HPRegen 0.21/turn               (no ring)
MPRegen 0.11/turn               (no ring)

@: lethally poisoned (-3 -> -16)
A: no striking features
a: Renounce Religion, Smiting


You were on level 6 of the Dungeon.
You worshipped Beogh.
Beogh was pleased with you.
You visited 1 branch of the dungeon, and saw 7 of its levels.

You collected 381 gold pieces.
You spent 10 gold pieces at shops.

Inventory:

Hand Weapons
 a - a +0 war axe
 k - a +0 demon whip of pain
 v - the +5 mace of Waifiy (weapon) {freeze, rElec rCorr}
   (You found it on level 5 of the Dungeon)

   It freezes those it strikes, dealing additional cold damage.
   It can also slow down cold-blooded creatures.
   rElec:     It insulates you from electricity.
   rCorr:     It protects you from acid and corrosion.
 x - a +0 whip of venom
Armour
 b - a +0 scale mail (worn)
 c - a +0 buckler (worn)
 j - a +0 chain mail
 u - a +0 pair of boots (worn)
Jewellery
 h - a ring of wizardry
 n - an amulet of magic regeneration
Wands
 r - a wand of flame (15)
Scrolls
 e - 9 scrolls of identify
 g - 3 scrolls of teleportation
 i - a scroll of magic mapping {unknown}
 m - a scroll of silence {unknown}
 q - a scroll of fog {unknown}
 s - a scroll of blinking {unknown}
 t - a scroll of summoning {unknown}
 y - a scroll of vulnerability {unknown}
Potions
 d - 2 potions of might
 f - 3 potions of attraction
 l - 2 potions of flight {unknown}
 o - a potion of invisibility {unknown}
 p - a potion of cancellation {unknown}
 w - a potion of haste {unknown}
 z - a potion of brilliance {unknown}


   Skills:
 - Level 3.6 Fighting
 * Level 10.7 Axes
 + Level 7.0 Armour
 + Level 7.0 Shields


You had 8 spell levels left.
You didn't know any spells.
Your spell library contained the following spells:

 Spells                   Type           Power      Damage    Failure   Level
 Corpse Rot               Necr/Air       N/A        N/A       83%         2
 Conjure Flame            Conj/Fire      0%         6-21      97%         3
 Ignite Poison            Fire/Tmut/Pois 0%         N/A       97%         3
 Dispel Undead            Necr           0%         3d6       100%        4
 Hailstorm                Conj/Ice       0%         3d3       100%        4
 Ice Form                 Ice/Tmut       0%         N/A       100%        4
 Sticky Flame             Conj/Fire      0%         2d3       100%        4
 Death Channel            Necr           0%         N/A       100%        6
 Simulacrum               Ice/Necr       0%         N/A       100%        6


Dungeon Overview and Level Annotations

Branches:
Dungeon (7/15)
 Temple: D:4-7

Altars:
Cheibriados
Gozag
Nemelex Xobeh
Uskayaw
Yredelemnul
The Shining One

Shops:
D:4 !

Annotations:
D:4 1 transporter


Message History

You barely miss the phantom.
The phantom hits you but does no damage.
You closely miss the phantom. The phantom hits you!
The phantom hits you but does no damage.
You closely miss the phantom. The phantom hits you.
The phantom blinks!
You blink.
You closely miss the water moccasin. The water moccasin bites you.
You are poisoned.
The water moccasin poisons you! The phantom hits you.
You are too injured to fight recklessly!
You are too injured to fight recklessly!
Unknown command.
You feel very sick. You block the phantom's attack.
You block the water moccasin's attack.
You feel very sick.
You feel very sick.
The water moccasin bites you but does no damage.
You feel sick.
You feel sick. You block the water moccasin's attack.
You hit the water moccasin. You freeze the water moccasin.
The water moccasin is moderately wounded.
You feel sick.
The water moccasin bites you but does no damage.
You closely miss the water moccasin.
The water moccasin is moderately wounded.
You feel sick. The water moccasin bites you!
* * * LOW HITPOINT WARNING * * *
The water moccasin bites you.
* * * LOW HITPOINT WARNING * * *
Unknown command.
You sock the water moccasin! You freeze the water moccasin.
The water moccasin is severely wounded.
You feel sick. The water moccasin bites you.
* * * LOW HITPOINT WARNING * * *
You are lethally poisoned!
The water moccasin poisons you!
* * * LOW HITPOINT WARNING * * *
You feel very sick. The water moccasin bites you.
You die...

#..#### #............#.#......##
##...# #......................#
.....#####......................#
...#..#.#......>##...............
..#.............##...............
..###....#....####>..............
....##..#####..#.#W..............
.....#..# ##...S#.........#....
###.....# ###@###....##.....#.
.....##.#### #.[##....##.......
.#..###....## #..##.........#...
.....#......####..##.#.......#...
##.....##....Z.<...............#.
##.......#..#.#.###...#..........
....<....#.##.### #(..#..........
..#.#......#...####..........#...
..###.###..##.###..............>.


You could see a phantom and a water moccasin.

Vanquished Creatures
  Sigmund (D:2)
  A sky beast (D:6)
  An ice beast (D:5)
  A necrophage (D:6)
  4 phantoms
  A kobold brigand (D:5)
  2 bullfrogs
  A wyvern zombie (D:6)
  A scorpion (D:4)
  A water moccasin zombie (D:6)
  2 howler monkeys
  A bullfrog zombie (D:5)
  A jelly (D:5)
  A centaur skeleton (D:4)
  3 hounds
  3 orc priests
  3 iguanas (D:5)
  2 orc wizards
  A killer bee zombie (D:6)
  6 adders
  A worm (D:6)
  3 dart slugs
  21 orcs
  6 bats
  6 endoplasms
  10 goblins
  3 hobgoblins (D:1)
  16 kobolds
  6 quokkas
  3 ball pythons
  5 frilled lizards
  4 rats
121 creatures vanquished.

Vanquished Creatures (others)
  A shadow imp (D:4)
  2 plants
3 creatures vanquished.

Grand Total: 124 creatures vanquished

Notes
Turn   | Place    | Note
-------+----------+-------------------------------------------
     0 | D:1      | mordus the Hill Orc Fighter began the quest for the Orb.
     0 | D:1      | Reached XP level 1. HP: 19/19 MP: 1/1
    30 | D:1      | Upgraded the game from 0.28-a0-620-g539b0f7ac7 to
                  | 0.28-a0-622-gbaef9634d7
    74 | D:1      | Reached skill level 3 in Axes
   240 | D:1      | Reached XP level 2. HP: 24/26 MP: 2/2
   524 | D:1      | Reached XP level 3. HP: 11/31 MP: 3/3
  1014 | D:1      | Found a faded altar of an unknown god.
  1171 | D:1      | Reached skill level 4 in Axes
  1341 | D:2      | Reached XP level 4. HP: 36/39 MP: 4/4
  1641 | D:2      | Noticed Sigmund
  1648 | D:2      | Killed Sigmund
  1649 | D:2      | Reached skill level 5 in Axes
  1649 | D:2      | Reached XP level 5. HP: 42/45 MP: 5/5
  1793 | D:3      | Reached XP level 6. HP: 48/51 MP: 6/6
  1890 | D:3      | Found a hide-covered altar of Uskayaw.
  1976 | D:3      | Reached skill level 6 in Axes
  2739 | D:3      | Found a glowing golden altar of the Shining One.
  3016 | D:4      | Found Ysitrilym's Distillery.
  3025 | D:4      | Bought a potion of degeneration for 10 gold pieces
  3041 | D:4      | Found a transporter.
  3066 | D:4      | Became a worshipper of Beogh the Brigand
  3071 | D:4      | Found a transporter.
  3146 | D:4      | Reached skill level 7 in Axes
  3146 | D:4      | Reached skill level 5 in Armour
  3146 | D:4      | Reached skill level 5 in Shields
  3146 | D:4      | Reached XP level 7. HP: 4/57 MP: 7/7
  3404 | D:4      | Found an opulent altar of Gozag.
  3404 | D:4      | Found a sparkling altar of Nemelex Xobeh.
  3480 | D:4      | Found a basalt altar of Yredelemnul.
  3625 | D:5      | Entered Level 5 of the Dungeon
  4283 | D:5      | Reached * piety under Beogh
  4284 | D:5      | Reached skill level 8 in Axes
  4492 | D:5      | Identified the +5 mace of Waifiy {freeze, rElec rCorr}
  4873 | D:5      | Reached XP level 8. HP: 34/64 MP: 8/8
  5287 | D:6      | Reached skill level 9 in Axes
  5381 | D:6      | Reached ** piety under Beogh
  5789 | D:5      | Reached skill level 10 in Axes
  5940 | D:6      | Found a snail-covered altar of Cheibriados.
  6232 | D:6      | Reached XP level 9. HP: 53/70 MP: 9/9
  6611 | D:6      | HP: 2/70 [poisoned by a water moccasin]
  6611 | D:6      | Slain by a water moccasin

Illustrated notes

Levels and vault maps discovered:
D:1:      eino_arrival_tree_alley, layout_basic,
          shapermc_ecumenical_altar_acropolis
D:2:      layout_basic, minmay_misc_feat_room, uniq_sigmund
D:3:      layout_loops_ring, lemuel_coloured_pillars_altar,
          eat_drink_and_be_merry_uskayaw, serial_rivers,
          chequers_serial_rivers_room_a, chequers_serial_rivers_micro_d,
          chequers_serial_rivers_small_b, chequers_serial_rivers_micro_d,
          chequers_serial_rivers_room_b, portal_sewer_entry_d,
          minmay_misc_feat_alley
D:4:      gammafunk_wand_slinger, layout_rooms, grunt_temple_overflow_opulence,
          mainiacjoe_overflow_small_starburst, serial_shops,
          nicolae_diamond_shop, grunt_decor_one_mirror
D:5:      layout_loops_ring, kennysheep_diamond
D:6:      layout_cave_pools, chei_slow_surprise, minmay_misc_feat_five,
          lemuel_flame_loot_1
D:7:      layout_basic, zin_statuary, minmay_temple_entry_tees, serial_curves,
          eino_curves_02, eino_curves_01, st_stairs_11, minmay_checkerbox

Skill      XL: |  1  2  3  4  5  6  7  8  9 |
---------------+----------------------------+-----
Axes           | 3 4 5 7 8 10 | 10.7
Armour         | 4 5 6 7 |  7.0
Shields        | 4 5 6 7 |  7.0
Fighting       | |  3.6

Action                   |  1- 3 |  4- 6 |  7- 9 || total
-------------------------+-------+-------+-------++-------
Melee: War axe           |   107 |   147 |    95 ||   349
       Mace              |       |       |   140 ||   140
Invok: Convert to Beogh  |       |     1 |       ||     1
  Use: Scroll            |       |     2 |       ||     2
       Potion            |       |     1 |     1 ||     2
Armor: Scale mail        |    38 |    53 |   102 ||   193
Dodge: Dodged            |    58 |    61 |   100 ||   219
Block: Buckler           |    30 |    29 |    42 ||   101

Table legend: (Time is in decaauts)
 A = Elapsed time spent in this place.
 B = Non-inter-level travel time spent in this place.
 C = Inter-level travel time spent in this place.
 D = Time resting spent in this place.
 E = Time spent auto-exploring this place.
 F = Levels seen in this place.
 G = Mean time per level.
                   A        B        C        D        E       F      G
               +--------+--------+--------+--------+--------+-----+--------+
         Total |   6716 |   6593 |    123 |   1447 |   3877 |   7 |  959.4 |
       Dungeon |   6716 |   6593 |    123 |   1447 |   3877 |   7 |  959.4 |
               +--------+--------+--------+--------+--------+-----+--------+

Top non-repeatable levels by time:
     D:5: 1471 daAuts
     D:6: 1434 daAuts
     D:3: 1279 daAuts
     D:1: 1229 daAuts
     D:4: 752 daAuts
     D:2: 541 daAuts
     D:7: 9 daAuts
